 Dungeon Crawl Stone Soup version 0.31-a0-675-g238779eb0a (webtiles) character file.

Game seed: 8301948288445834613

16942 jpeg9000 the Blocker (level 12, -1/105 HPs)
             Began as a Minotaur Fighter on Sept 2, 2023.
             Was an Initiate of Gozag.
             Slain by a seven-headed hydra (5 damage)
             ... while petrified by a catoblepas
             ... on level 2 of the Lair of Beasts on Sept 5, 2023.
             The game lasted 01:44:47 (15015 turns).

jpeg9000 the Blocker (Minotaur Fighter)            Turns: 15015, Time: 01:44:48

Health: -1/105     AC: 14    Str: 24    XL:     12   Next: 14%
Magic:  14/14      EV:  2    Int:  8    God:    Gozag
Gold:   1754       SH:  0    Dex: 17    Spells: 14/14 levels left

rFire   . . .        s - +2 whip (holy)
rCold   . . .        A - +5 kite shield of Gozag, Sharing {Int+3 Dex+2}
rNeg    + + +        B - +5 scale mail of Disguise {rN+ rCorr Dex+3}
rPois   ∞            (helmet currently unavailable)
rElec   .            (cloak currently unavailable)
rCorr   +            (gloves currently unavailable)
SInv    .            (boots currently unavailable)
Will    .....        x - amulet of the acrobat Stlth
                     j - ring of flight
HPRegen 0.37/turn    k - +4 ring of protection
MPRegen 0.14/turn

%: acrobat
@: beast-form, petrified, flying, studying 2 skills
A: beast (slay +2), horns 2, retaliatory headbutt, deformed body, high MP 1,
passive freeze
a: Begin Untransformation, Renounce Religion, Potion Petition, Call Merchant,
Bribe Branch


You were on level 2 of the Lair of Beasts.
You worshipped Gozag.
Gozag was most pleased with you.
You were a hulking beast.
You visited 3 branches of the dungeon, and saw 13 of its levels.

You collected 2417 gold pieces.
You paid 663 gold pieces to Gozag.

Inventory:

Hand Weapons
 s - a +2 whip of holy wrath (weapon)
 C - the +5 rapier of Brutal Revenge {venom, Str+2}
   (You found it on level 8 of the Dungeon)

   Str+2:     It affects your strength (+2).
Missiles
 r - 79 poisoned darts (quivered)
Armour
 A - the +5 kite shield of Gozag, Sharing (worn) {Int+3 Dex+2}
   (You took it off a gnoll sergeant on level 6 of the Dungeon)

   Int+3:     It affects your intelligence (+3).
   Dex+2:     It affects your dexterity (+2).
 B - the +5 scale mail of Disguise (worn) {rN+ rCorr Dex+3}
   (You took it off a gnoll sergeant on level 6 of the Dungeon)

   Dex+3:     It affects your dexterity (+3).
   rN+:       It protects you from negative energy.
   rCorr:     It protects you from acid and corrosion.
Magical Staves
 m - a staff of cold
Jewellery
 j - a ring of flight (left hand)
 k - a +4 ring of protection (right hand)
 q - a ring of wizardry
 w - an amulet of magic regeneration
 x - an amulet of the acrobat (around neck)
Talismans
 e - a beast talisman (active)
 o - a blade talisman
Wands
 d - a wand of quicksilver (15)
 l - a wand of flame (57)
 t - a wand of charming (9)
 D - a wand of mindburst (8)
 E - a wand of iceblast (5)
Scrolls
 g - 2 scrolls of blinking
 h - a scroll of teleportation
 i - a scroll of fear
 p - a scroll of amnesia
 u - a scroll of silence
Potions
 a - 2 potions of ambrosia
 b - a potion of brilliance
 c - a potion of lignification
 f - a potion of berserk rage
 n - 3 potions of magic
 z - a potion of might


   Skills:
 + Level 9.5 Fighting
 - Level 7.6 Short Blades
 + Level 9.2(9.4) Maces & Flails
 + Level 2.6(6.4) Staves
 + Level 9.5 Armour
 + Level 7.0 Dodging
 - Level 0.6 Stealth
 + Level 11.9 Shields
 + Level 1.5 Spellcasting
 + Level 2.6 Translocations
 + Level 4.8 Shapeshifting


You had 14 spell levels left.
You didn't know any spells.
Your spell library contained the following spells:

 Spells                   Type           Power      Damage    Failure   Level
 Momentum Strike          Conj/Tloc      4%         3d8       75%         2
 Necrotise                Necr           0%         1d4       78%         1
 Sandblast                Erth           0%         2d4       78%         1
 Gell's Gravitas          Tloc           4%         N/A       78%         3
 Passwall                 Tmut/Erth      0%         N/A       89%         2
 Poisonous Vapours        Pois/Air       0%         N/A       89%         2
 Portal Projectile        Hex/Tloc       4%         N/A       92%         3
 Hailstorm                Conj/Ice       0%         3d3       98%         3
 Mephitic Cloud           Conj/Pois/Air  0%         N/A       98%         3
 Stone Arrow              Conj/Erth      0%         3d7       98%         3
 Tukima's Dance           Hex            0%         N/A       98%         3
 Vampiric Draining        Necr           0%         2d6       98%         3
 Passage of Golubria      Tloc           4%         N/A       99%         4
 Iskenderun's Mystic Bla  Conj/Tloc      2%         2d3       100%        4
 Leda's Liquefaction      Hex/Erth       0%         N/A       100%        4
 Summon Ice Beast         Ice/Summ       0%         N/A       100%        4
 Agony                    Necr           0%         N/A       100%        5
 Freezing Cloud           Conj/Ice/Air   0%         6-21      100%        5
 Lee's Rapid Deconstruct  Erth           0%         3d4*      100%        5
 Yara's Violent Unravell  Hex/Tmut       0%         3d3       100%        5
 Dispersal                Tloc           2%         N/A       100%        6
 Leda's Unmaking          Conj/Erth      0%         9d1       100%        6
 Simulacrum               Ice/Necr       Unusable   N/A       N/A         6

Dungeon Overview and Level Annotations

Branches:
Dungeon (10/15)            Temple (1/1) D:6            Lair (2/5) D:9
 Shoals (0/4) Lair:2
  Snake: Lair:2-3    Spider: Lair:2-3       Orc: D:9-12

Altars:
Ashenzari
Cheibriados
Dithmenos
Elyvilon
Fedhas
Gozag
Hepliaklqana
Kikubaaqudgha
Makhleb
Nemelex Xobeh
Okawaru
Qazlal
Ru
Sif Muna
Trog
Uskayaw
Vehumet
Wu Jian
Xom
Yredelemnul
Zin
The Shining One

Shops:
D:1 *   D:6 ?


Innate Abilities, Weirdness & Mutations

You are a hulking beast.
Your limbs bulge with bestial killing power. (Slay +2)
You are immune to poison.
You have a pair of horns on your head.
You reflexively headbutt those who attack you in melee.
Armour fits poorly on your strangely shaped body.
You have an increased reservoir of magic. (+10% MP)
A frigid envelope surrounds you and freezes all who hurt you.


Message History

The seven-headed hydra is very cold.
The seven-headed hydra seems to slow down.
The seven-headed hydra is lightly wounded.
The seven-headed hydra bites you but does no damage.
The seven-headed hydra is very cold.
The seven-headed hydra seems to slow down.
The seven-headed hydra is moderately wounded.
You are engulfed in calcifying dust.
The water moccasin bites you but does no damage.
The water moccasin is very cold.
The water moccasin seems to slow down.
The water moccasin is lightly wounded.
The catoblepas gores you!
* * * LOW HITPOINT WARNING * * *
The catoblepas is very cold.
The catoblepas is severely wounded.
You are engulfed in calcifying dust.
The water moccasin bites you but does no damage.
The water moccasin is very cold.
The water moccasin is lightly wounded.
The catoblepas barely misses you.
The seven-headed hydra bites you but does no damage.
The seven-headed hydra is very cold.
The seven-headed hydra is moderately wounded.
The seven-headed hydra bites you!
* * * LOW HITPOINT WARNING * * *
The seven-headed hydra is very cold.
The seven-headed hydra seems to slow down.
The seven-headed hydra is heavily wounded.
The seven-headed hydra bites you.
* * * LOW HITPOINT WARNING * * *
The seven-headed hydra is very cold.
The seven-headed hydra seems to slow down.
The seven-headed hydra is heavily wounded.
The seven-headed hydra bites you but does no damage.
The seven-headed hydra is very cold.
The seven-headed hydra seems to slow down.
The seven-headed hydra is heavily wounded.
The seven-headed hydra bites you!
You die...
Your body crumbles into a pile of gold.

.....$.#.........P
..#....#.........##
..#...........#...#
..#...#......#..##
.......#<§........#
##.......#+.###..##
.#..............##
..........S......#
..........Yh§§..##
.........D......#
.........(.....##
.............#
>..P..#####..P#
...P## ..## ...P
...# ... ..#


You could see a catoblepas, a seven-headed hydra (slow) and a water moccasin
(slow).

Vanquished Creatures
  The ghost of Age the Warrior, a novice MiFi of Gozag (D:8)
  Nergalle (Lair:1)
  Pikel (D:8)
  A merfolk siren (Lair:2)
  Joseph (D:8)
  2 black mambas (Lair:2)
  The ghost of gurdl9716 the Geomancer, a novice GrEE (D:6)
  2 rime drakes
  2 cane toads
  2 komodo dragons (Lair:1)
  2 kobold demonologists
  3 blink frogs (Lair:1)
  A shadow (D:10)
  A vampire (D:9)
  5 wyverns
  18 yaks
  3 basilisks (Lair:1)
  Menkaure (D:7)
  An acid dragon (D:10)
  2 water moccasins
  9 ice beasts
  2 sky beasts
  3 orc warriors
  3 black bears
  6 wolves
  2 ogres
  5 centaurs
  A phantom (D:6)
  Blork the orc (D:5)
  13 kobold brigands
  6 bullfrogs
  3 gnoll sergeants (D:6)
  5 scorpions
  16 wights
  11 killer bees
  A howler monkey (D:7)
  A jelly (D:7)
  3 hounds
  2 gnoll boudas
  3 orc priests
  2 sleepcaps (D:5)
  3 iguanas (D:5)
  6 orc wizards
  13 gnolls
  3 adders
  2 shadow imps
  3 ufetubi
  A worm (D:4)
  4 dart slugs
  27 orcs
  4 endoplasms
  4 giant cockroaches
  5 goblins
  6 hobgoblins
  6 jackals
  3 quokkas
  8 ball pythons
  3 bats
  4 frilled lizards
  31 kobolds
  3 rats (D:1)
288 creatures vanquished.

Vanquished Creatures (others)
  An orc (D:8)
  A butterfly (Lair:2)
2 creatures vanquished.

Grand Total: 290 creatures vanquished

Notes
Turn   | Place    | Note
-------+----------+-------------------------------------------
     0 | D:1      | jpeg9000 the Minotaur Fighter began the quest for the Orb.
     0 | D:1      | Reached XP level 1. HP: 19/19 MP: 0/0
    83 | D:1      | HP: 1/20 [dart slug/slug dart (6)]
   342 | D:2      | Reached XP level 2. HP: 27/27 MP: 1/1
   399 | D:1      | Found Uduih's Assorted Antiques.
   740 | D:1      | Reached skill level 4 in Shields
   889 | D:2      | Reached XP level 3. HP: 33/33 MP: 2/2
  1933 | D:2      | Found a faded altar of an unknown god.
  3453 | D:3      | Noticed an ice beast
  3467 | D:3      | Killed an ice beast
  3468 | D:3      | Reached skill level 1 in Dodging
  3468 | D:3      | Reached XP level 4. HP: 32/41 MP: 3/3
  3468 | D:3      | Reached XP level 5. HP: 37/47 MP: 4/4
  3632 | D:4      | Noticed an ogre
  3640 | D:4      | Killed an ogre
  3659 | D:4      | Reached skill level 1 in Shapeshifting
  4372 | D:5      | Entered Level 5 of the Dungeon
  4508 | D:5      | Noticed an ice beast
  4512 | D:5      | Reached XP level 6. HP: 51/53 MP: 5/5
  4542 | D:5      | Killed an ice beast
  4543 | D:5      | Reached skill level 5 in Fighting
  4543 | D:5      | Reached skill level 5 in Armour
  4584 | D:5      | Reached skill level 5 in Maces & Flails
  4584 | D:5      | Reached skill level 5 in Shields
  4661 | D:5      | Upgraded the game from 0.31-a0-662-g684573625c to
                  | 0.31-a0-672-g7da72447bb
  4701 | D:6      | Found Ocliakk's Magic Scroll Boutique.
  4712 | D:6      | Reached XP level 7. HP: 50/61 MP: 6/6
  5282 | D:5      | Noticed Blork the orc
  5300 | D:5      | Killed Blork the orc
  5353 | D:5      | Reached XP level 8. HP: 65/70 MP: 7/7
  5817 | D:5      | Gained mutation: Armour fits poorly on your strangely
                  | shaped body. [potion of mutation]
  5817 | D:5      | Gained mutation: You have an increased reservoir of magic.
                  | (+10% MP) [potion of mutation]
  5817 | D:5      | Gained mutation: A frigid envelope surrounds you and
                  | freezes all who hurt you. [potion of mutation]
  6143 | D:6      | Reached skill level 6 in Shields
  6288 | D:6      | Found a blossoming altar of Fedhas.
  6289 | D:6      | Found a shadowy altar of Dithmenos.
  6464 | D:6      | Found a transporter.
  6484 | D:6      | Noticed gurdl9716's ghost (novice GrEE)
  6536 | D:6      | Found a transporter.
  6550 | D:6      | Identified the +5 scale mail of Disguise {rN+ rCorr Dex+3}
  6550 | D:6      | Identified the +5 kite shield of Gozag, Sharing {Int+3
                  | Dex+2}
  6624 | D:6      | Reached XP level 9. HP: 22/78 MP: 8/8
  6635 | D:6      | Killed gurdl9716's ghost
  6773 | D:6      | Found a staircase to the Ecumenical Temple.
  6834 | D:6      | Identified the +3 rapier of the Present {venom, rC++}
  7211 | Temple   | Entered the Ecumenical Temple
  7312 | Temple   | Became a worshipper of Gozag Ym Sagoz the Greedy
  7639 | D:7      | Reached skill level 7 in Shields
  7682 | D:7      | Reached skill level 1 in Short Blades
  8414 | D:7      | Noticed Menkaure
  8435 | D:7      | Killed Menkaure
  8436 | D:7      | Reached skill level 5 in Dodging
  8657 | D:8      | Noticed Pikel
  8666 | D:8      | Killed Pikel
  8667 | D:8      | Reached skill level 8 in Shields
  8980 | D:8      | Reached XP level 10. HP: 69/86 MP: 10/10
  8994 | D:8      | Noticed Joseph
  9020 | D:8      | Killed Joseph
  9032 | D:8      | Reached skill level 9 in Shields
  9611 | D:8      | Noticed Age's ghost (novice MiFi)
  9612 | D:8      | Found a runed translucent gate.
  9612 | D:8      | Found a runed translucent gate.
  9612 | D:8      | Found a runed translucent gate.
  9999 | D:8      | Killed Age's ghost
 10000 | D:8      | Reached skill level 5 in Short Blades
 10000 | D:8      | Reached skill level 10 in Shields
 10014 | D:8      | HP: 4/88 [poisoned by a kobold demonologist]
 10698 | D:8      | Identified the +5 rapier of Brutal Revenge {venom, Str+2}
 10799 | D:8      | Upgraded the game from 0.31-a0-672-g7da72447bb to
                  | 0.31-a0-675-g238779eb0a
 10903 | D:9      | Reached XP level 11. HP: 63/95 MP: 11/11
 11258 | D:9      | Reached skill level 11 in Shields
 11317 | D:9      | Found a staircase to the Lair.
 11355 | D:9      | Got the Secrets of the Map
 12407 | D:10     | Entered Level 10 of the Dungeon
 12408 | D:10     | Found a radiant altar of Vehumet.
 12739 | D:10     | Found a hazy altar of Hepliaklqana.
 13211 | Lair:1   | Entered Level 1 of the Lair of Beasts
 13349 | Lair:1   | Noticed Nergalle
 13366 | Lair:1   | Noticed a spectral orc warlord
 13380 | Lair:1   | Killed Nergalle
 13381 | Lair:1   | Reached skill level 1 in Translocations
 14016 | Lair:1   | Reached skill level 1 in Spellcasting
 14681 | Lair:2   | Found a staircase to the Shoals.
 14690 | Lair:2   | Noticed a catoblepas
 14707 | Lair:2   | HP: 4/97 [poisoned by a black mamba]
 14714 | Lair:2   | Reached skill level 1 in Staves
 14717 | Lair:2   | Reached XP level 12. HP: 25/105 MP: 14/14
 15006 | Lair:2   | Noticed a seven-headed hydra
 15015 | Lair:2   | HP: 4/105 [seven-headed hydra (3)]
 15015 | Lair:2   | Slain by a seven-headed hydra

Illustrated notes

Levels and vault maps discovered:
D:1:      lightli_iron_boxes, layout_loops_corners, serial_shops,
          nicolae_shop_just_a_little_nook
D:2:      layout_basic, chequers_ecumenical_altar_grove
D:3:      layout_basic, serial_aquarium, aquarium_bridge_long_separate
          [aquarium_subvault_bridge, aquarium_subvault_wall,
          aquarium_subvault_wall, aquarium_subvault_bridge,
          aquarium_subvault_bridge, aquarium_subvault_window],
          aquarium_window_1, aquarium_window_1, aquarium_window_fake,
          aquarium_window_1, aquarium_view_2a, aquarium_view_2a,
          amcnicky_mini_rare_corridor_liquid, serial_park_tiny_1
D:4:      layout_cave_pools, corner_web_ring
D:5:      minmay_general_purpose_star, layout_loops_ring, chequers_jeans,
          nrook_mini_vaults, st_stairs_3, grunt_ministairs_12,
          uniq_blork_the_orc
D:6:      layout_basic, jmf_multi_god_temple, minmay_temple_entry_junction_2,
          serial_shops, nicolae_shop_temple_entry_statues_fountains,
          gammafunk_ghost_gnarly_gnolls
D:7:      layout_basic, kennysheep_small_spiral, uniq_menkaure
D:8:      layout_basic, serial_rivers, chequers_serial_rivers_room_a,
          chequers_serial_rivers_micro_b, chequers_serial_rivers_small_b,
          chequers_serial_rivers_micro_b, chequers_serial_rivers_micro_c,
          chequers_serial_rivers_large_b, gammafunk_ghost_nasty_kobolds,
          minmay_diced_spiral, uniq_joseph, uniq_pikel
D:9:      layout_irregular_city, hellmonk_lair_entry_icy,
          hangedman_abyss_or_decor_passed
D:10:     layout_rooms, vehumet_crystals, amcnicky_altar_gilded,
          minmay_misc_feat_x
Temple:   nicolae_temple_two_arcs
Lair:1:   layout_layer_cave, minivault_26, uniq_nergalle
Lair:2:   layout_regular_city, elwin_shoals_entry_stream,
          grunt_forest_large_clearings, lemuel_fruit_fields

Skill      XL: |  1  2  3  4  5  6  7  8  9 10 11 12 |
---------------+-------------------------------------+-----
Fighting       | 4 5 6 7 8 9 |  9.5
Armour         | 4 5 6 7 8 9 |  9.5
Shields        | 4 5 6 8 10 11 | 11.9
Maces & Flails | 3 4 5 6 7 8 9 |  9.2
Dodging        | 1 2 3 4 5 6 7 |  7.0
Shapeshifting  | 1 2 3 4 |  4.8
Short Blades   | 3 6 7 |  7.6
Translocations | 2 |  2.6
Spellcasting   | 1 |  1.5
Staves         | 1 2 |  2.6
Stealth        | |  0.6

Action                     |  1- 3 |  4- 6 |  7- 9 | 10-12 || total
---------------------------+-------+-------+-------+-------++-------
  Melee: Flail             |    96 |     9 |       |       ||   105
         Headbutt          |    21 |     8 |    56 |   145 ||   230
         Whip              |       |    15 |       |   191 ||   206
         Mace              |       |    25 |   159 |       ||   184
         Rapier            |       |       |    96 |   309 ||   405
  Throw: Dart              |       |       |       |     1 ||     1
 Invoke: Potion Petition   |       |       |       |     1 ||     1
  Evoke: Wand              |       |       |       |     4 ||     4
    Use: Potion            |     7 |     1 |     9 |     6 ||    23
         Scroll            |     5 |     2 |     5 |     9 ||    21
 Armour: Scale mail        |    68 |       |    36 |   235 ||   339
         Chain mail        |    12 |    45 |   149 |       ||   206
  Dodge: Dodged            |    47 |    28 |   176 |   195 ||   446
  Block: Buckler           |    11 |    14 |    63 |       ||    88
         Kite shield       |       |       |   109 |   489 ||   598
   Form: Beast             |     1 |       |       |       ||     1

Table legend: (Time is in decaauts)
 A = Elapsed time spent in this place.
 B = Non-inter-level travel time spent in this place.
 C = Inter-level travel time spent in this place.
 D = Time resting spent in this place.
 E = Time spent auto-exploring this place.
 F = Levels seen in this place.
 G = Mean time per level.
                   A        B        C        D        E       F      G
               +--------+--------+--------+--------+--------+-----+--------+
         Total |  15012 |  14890 |    122 |   1636 |   2674 |  13 | 1154.8 |
       Dungeon |  13122 |  13057 |     65 |   1526 |   2301 |  10 | 1312.2 |
        Temple |    151 |    133 |     18 |      0 |      0 |   1 |  151.0 |
          Lair |   1737 |   1698 |     39 |    110 |    373 |   2 |  868.5 |
               +--------+--------+--------+--------+--------+-----+--------+

Top non-repeatable levels by time:
     D:8: 2117 daAuts
     D:9: 1518 daAuts
     D:5: 1387 daAuts
  Lair:1: 1357 daAuts
     D:7: 1341 daAuts
     D:6: 1316 daAuts
     D:2: 1295 daAuts
     D:1: 1244 daAuts
     D:4: 1073 daAuts
     D:3: 1061 daAuts
    D:10: 768 daAuts
  Lair:2: 380 daAuts
  Temple: 151 daAuts
